[Event "Titled Tuesday Blitz January 17 Late 2023"]
[White "Vaglio Munoz, Jaime"]
[Black "Liang, Justin"]
[WhiteFideId "6500145"]
[BlackFideId "2099942"]
[WhiteElo "2174"]
[BlackElo "2052"]
[Result "0-1"]
[Round "07"]
[TimeControl "180+2"]
[Date "2023.01.17"]
[WhiteClock "0:00:03"]
[BlackClock "0:00:10"]

1. d4 Nf6 2. c4 e6 3. a3 b6 4. Nf3 Bb7 5. g3 g6 6. Bg2 Bg7 7. O-O O-O 8. Ra2 d6 9. b4 a5 10. b5 Nbd7 11. Nc3 Ne4 12. Nxe4 Bxe4 13. Rd2 Qe7 14. a4 f5 15. Ba3 Rad8 16. h4 h6 17. Ne1 Bxg2 18. Kxg2 e5 19. e3 Qe6 20. c5 Qd5+ 21. Kg1 exd4 22. cxd6 cxd6 23. Nf3 Nc5 24. Nxd4 Ne4 25. Rc2 Rc8 26. Nc6 Qe6 27. Kg2 g5 28. f3 Nc3 29. Qd3 gxh4 30. Rxc3 Bxc3 31. Qxc3 Qg6 32. Ne7+ Kf7 33. Nxg6 Rxc3 34. Nxf8 Rxa3 35. Nd7 hxg3 36. Nxb6 Rxe3 37. Kxg3 Ke6 38. Kf4 Rb3 39. Nc4 Rb4 40. Re1+ Kf6 41. Rc1 d5 42. b6 dxc4 43. b7 Rxb7 44. Rxc4 Rb4 45. Rxb4 axb4 46. a5 b3 47. a6 b2 48. a7 b1=Q 49. a8=Q Qb4+ 50. Kg3 Qe1+ 51. Kg2 Qe2+ 52. Kg3 Qe1+ 53. Kg2 Qe6 54. Qh8+ Kg6 55. Qd8 f4 56. Qd3+ Kh5 57. Kh2 Qa2+ 58. Kh3 Qe6+ 59. Kh2 Kg5 60. Qd8+ Kg6 61. Qd3+ Kg7 62. Qd4+ Qf6 63. Qd7+ Kg6 64. Qd3+ Kh5 65. Qd7 Qh4+ 66. Kg2 Qg3+ 67. Kh1 Qxf3+ 68. Kh2 Qf2+ 69. Kh1 Qg3 70. Qf5+ Qg5 71. Qf7+ Kh4 72. Qc4 Qg3 73. Qf7 Qe1+ 74. Kh2 Qe2+ 75. Kh1 Qe5 76. Qg6 h5 77. Qg2 Qe1+ 78. Kh2 Qg3+ 79. Qxg3+ fxg3+ 80. Kg2 Kg4 81. Kh1 h4 82. Kg2 h3+ 83. Kh1 Kf3 84. Kg1 g2 85. Kh2 Kf2 86. Kxh3 g1=Q 87. Kh4 Qg6 88. Kh3 Qg3# 0-1


[Site "https://www.chess.com"]

[Event "Titled Tuesday Blitz January 17 Late 2023"]
[White "Musovic, Armin"]
[Black "Kamsky, Gata"]
[WhiteFideId "939935"]
[BlackFideId "2000024"]
[WhiteElo "2261"]
[BlackElo "2665"]
[Result "0-1"]
[Round "07"]
[TimeControl "180+2"]
[Date "2023.01.17"]
[WhiteClock "0:00:19"]
[BlackClock "0:00:39"]

1. e4 e5 2. Nf3 Nc6 3. Nc3 Nf6 4. Bb5 Bb4 5. O-O O-O 6. d3 d6 7. Bg5 Bxc3 8. bxc3 Bd7 9. Rb1 h6 10. Bh4 b6 11. h3 Re8 12. Qc1 Nb8 13. g4 Bxb5 14. Rxb5 Qd7 15. c4 Nh7 16. Kg2 Nc6 17. c3 a6 18. Rb2 b5 19. cxb5 axb5 20. g5 hxg5 21. Nxg5 Nxg5 22. Qxg5 Re6 23. Kh2 Rg6 24. Qe3 Ra3 25. Rg1 Rxg1 26. Kxg1 Rxc3 27. Rxb5 Qe6 28. Qg3 Nd4 29. Rb8+ Kh7 30. Kh2 Qg6 31. Bg5 Qxg5 32. Qxg5 Nf3+ 33. Kg3 Nxg5 34. Kg4 Ne6 35. Re8 Rxd3 36. Re7 Kg6 37. h4 Kf6 38. Re8 Rd2 39. f3 Rg2+ 40. Kh3 Nf4# 0-1


[Site "https://www.chess.com"]

[Event "Titled Tuesday Blitz January 17 Late 2023"]
[White "Holt, Conrad"]
[Black "Souleidis, Georgios"]
[WhiteFideId "2034387"]
[BlackFideId "4206827"]
[WhiteElo "2540"]
[BlackElo "2419"]
[Result "1-0"]
[Round "07"]
[TimeControl "180+2"]
[Date "2023.01.17"]
[WhiteClock "0:00:04"]
[BlackClock "0:00:01"]

1. d4 d5 2. c4 e6 3. Nc3 c5 4. cxd5 cxd4 5. Qa4+ Bd7 6. Qxd4 exd5 7. Qxd5 Nf6 8. Qb3 Na6 9. e4 Nc5 10. Qc2 Rc8 11. e5 Ng4 12. Nf3 Qe7 13. Bf4 f6 14. Be2 Nxe5 15. O-O Qe6 16. Rfe1 Bd6 17. Nd4 Qf7 18. Nf5 Bxf5 19. Qxf5 O-O 20. Rad1 Rcd8 21. Be3 b6 22. Rd5 Be7 23. Red1 g6 24. Qh3 Rxd5 25. Nxd5 Rd8 26. Nc3 Rxd1+ 27. Bxd1 Qe6 28. Qxe6+ Nxe6 29. Bb3 Kf7 30. Nb5 Nc6 31. Nc7 Nd8 32. Bf4 Bc5 33. Bg3 Ke7 34. Nd5+ Kf7 35. Bc4 a5 36. Kf1 g5 37. Nc7 h6 38. Ke2 Ke7 39. Nd5+ Kf7 40. f4 Kg6 41. Kd3 Nd4 42. fxg5 hxg5 43. a3 Nf5 44. b4 axb4 45. axb4 Bg1 46. Bc7 Nc6 47. Kc3 Nfe7 48. Nxb6 Bxb6 49. Bxb6 Nc8 50. Bc5 1-0


[Site "https://www.chess.com"]

[Event "Titled Tuesday Blitz January 17 Late 2023"]
[White "Mendez Fortes, Eduardo Jesus"]
[Black "Bikuzhin, Maksim"]
[WhiteFideId "3502376"]
[BlackFideId "24128015"]
[WhiteElo "2250"]
[BlackElo "2279"]
[Result "0-1"]
[Round "07"]
[TimeControl "180+2"]
[Date "2023.01.17"]
[WhiteClock "0:00:20"]
[BlackClock "0:01:18"]

1. e4 c5 2. Nf3 e6 3. d4 cxd4 4. Nxd4 Nf6 5. Nc3 d6 6. Be3 a6 7. f3 b5 8. Qd2 Bb7 9. g4 Nfd7 10. O-O-O Nb6 11. Qg2 N8d7 12. h4 Rc8 13. g5 Rxc3 14. bxc3 Qc7 15. Nb3 Na4 16. Bd2 Ne5 17. h5 Be7 18. g6 Bf6 19. gxf7+ Kxf7 20. h6 g6 21. Qf2 d5 22. f4 Nc4 23. e5 Be7 24. f5 exf5 25. e6+ Ke8 26. Bf4 Ba3+ 27. Kb1 Nxc3+ 28. Ka1 Bb2# 0-1


[Site "https://www.chess.com"]

[Event "Titled Tuesday Blitz January 17 Late 2023"]
[White "Kobalia, Mikhail"]
[Black "Winterberg, Lukas"]
[WhiteFideId "4119150"]
[BlackFideId "24622702"]
[WhiteElo "2578"]
[BlackElo "2402"]
[Result "1-0"]
[Round "07"]
[TimeControl "180+2"]
[Date "2023.01.17"]
[WhiteClock "0:02:31"]
[BlackClock "0:02:20"]

1. e4 e6 2. d3 d5 3. Nd2 Nc6 4. Ngf3 Nf6 5. e5 Nd7 6. d4 f6 7. Bb5 fxe5 8. Bxc6 bxc6 9. dxe5 Bc5 10. Nb3 O-O 11. Nxc5 Nxc5 12. Be3 Ne4 13. Nd2 Nxd2 14. Qxd2 Ba6 15. O-O-O Rb8 16. b3 Qe7 17. Qa5 Be2 18. Rd2 Bh5 19. Bc5 Qg5 20. Bxf8 Qxg2 21. Re1 Rxf8 22. Qxa7 Rxf2 23. Qxf2 1-0


[Site "https://www.chess.com"]

[Event "Titled Tuesday Blitz January 17 Late 2023"]
[White "Graif, William"]
[Black "Vakhlamov, Igor L."]
[WhiteFideId "2609835"]
[BlackFideId "24126748"]
[WhiteElo "2304"]
[BlackElo "2413"]
[Result "0-1"]
[Round "07"]
[TimeControl "180+2"]
[Date "2023.01.17"]
[WhiteClock "0:00:03"]
[BlackClock "0:00:14"]

1. e4 c5 2. Nc3 e6 3. Nge2 Nc6 4. g3 d5 5. exd5 exd5 6. d4 Nf6 7. Bg2 cxd4 8. Nxd4 Bc5 9. Qe2+ Be7 10. Be3 O-O 11. O-O Re8 12. Qd2 Ne5 13. b3 Bg4 14. h3 Be6 15. Rad1 Rc8 16. Nce2 Ne4 17. Bxe4 dxe4 18. Nxe6 Nf3+ 19. Kg2 Nxd2 20. Nxd8 Nxf1 21. Kxf1 Rexd8 22. Rc1 Ba3 23. Ra1 Rxc2 24. Bxa7 Rdd2 25. Nf4 Rxa2 26. Rb1 Rab2 27. Ra1 Ra2 28. Rb1 f5 29. Be3 Rdb2 30. Rd1 Rxb3 31. Rd8+ Kf7 32. Rd7+ Ke8 33. Rxg7 b6 34. Rxh7 Bc5 35. Bxc5 bxc5 36. h4 Rf3 37. Nh3 e3 38. Rh8+ Kd7 39. Rh7+ Kc6 40. Rh6+ Kb5 41. Re6 exf2 42. Nxf2 Rfxf2+ 43. Ke1 Rh2 44. Kf1 Rh1# 0-1


[Site "https://www.chess.com"]

[Event "Titled Tuesday Blitz January 17 Late 2023"]
[White "Djordjevic, Vuk"]
[Black "Rodriguez Fontecha, Marcos"]
[WhiteFideId "902098"]
[BlackFideId "2256576"]
[WhiteElo "2375"]
[BlackElo "2309"]
[Result "1-0"]
[Round "07"]
[TimeControl "180+2"]
[Date "2023.01.17"]
[WhiteClock "0:00:24"]
[BlackClock "0:00:15"]

1. d4 d5 2. c4 Nc6 3. Nc3 Nf6 4. Bg5 dxc4 5. Bxf6 exf6 6. e3 Bb4 7. Bxc4 O-O 8. Ne2 Be6 9. d5 Ne5 10. dxe6 Qxd1+ 11. Kxd1 Nxc4 12. exf7+ Rxf7 13. Kc2 Rd7 14. Rad1 Rad8 15. Rxd7 Rxd7 16. Nb1 Ne5 17. h3 Kf7 18. a3 Ba5 19. Nd4 c5 20. Nb3 Bb6 21. Nc3 Nd3 22. Rd1 c4 23. Nc1 Ne5 24. Rxd7+ Nxd7 25. Nd5 Bd8 26. Kc3 b5 27. a4 a6 28. axb5 axb5 29. Kb4 Ne5 30. Kxb5 Nd3 31. Nxd3 cxd3 32. Kc4 d2 33. Nc3 Ba5 34. b4 Bc7 35. Kd3 Bd6 36. b5 Ke6 37. Kxd2 Bb4 38. Kd3 Kd6 39. Kc4 Ba5 40. Ne4+ Ke5 41. Nc5 Be1 42. Nd3+ 1-0


[Site "https://www.chess.com"]

[Event "Titled Tuesday Blitz January 17 Late 2023"]
[White "Injac, Teodora"]
[Black "Gasparyan, David"]
[WhiteFideId "932400"]
[BlackFideId "13311980"]
[WhiteElo "2391"]
[BlackElo "2142"]
[Result "1-0"]
[Round "07"]
[TimeControl "180+2"]
[Date "2023.01.17"]
[WhiteClock "0:00:14"]
[BlackClock "0:00:03"]

1. d4 Nf6 2. Nf3 e6 3. c4 b6 4. a3 Bb7 5. Nc3 d5 6. Bg5 Be7 7. Bxf6 Bxf6 8. cxd5 exd5 9. Qa4+ c6 10. g3 O-O 11. Bg2 Nd7 12. O-O Re8 13. Rad1 b5 14. Qc2 Nb6 15. Rfe1 Bc8 16. e4 dxe4 17. Nxe4 Bf5 18. Ne5 Rc8 19. Qc1 Bxe5 20. dxe5 Nd5 21. Nd6 Bg4 22. Rd4 Be6 23. Nxc8 Qxc8 24. h4 Qa6 25. Qc5 h6 26. Rc1 Ne7 27. Be4 Bd5 28. Bxd5 cxd5 29. Qd6 Qa5 30. Qd7 Kf8 31. Kg2 Qb6 32. Rf4 Qg6 33. Rc7 d4 34. Rxd4 Nf5 35. Rf4 Ne7 36. Rxa7 h5 37. e6 f6 38. Qxb5 Rd8 39. Qc5 Re8 40. a4 Qd3 41. Rd4 Qe2 42. Rxe7 1-0


[Site "https://www.chess.com"]

[Event "Titled Tuesday Blitz January 17 Late 2023"]
[White "Sowa, Ryan"]
[Black "Weetik, Vjacheslav"]
[WhiteFideId "30901693"]
[BlackFideId "4153472"]
[WhiteElo "2073"]
[BlackElo "2423"]
[Result "1-0"]
[Round "07"]
[TimeControl "180+2"]
[Date "2023.01.17"]
[WhiteClock "0:00:30"]
[BlackClock "0:00:05"]

1. Nf3 Nf6 2. b3 d5 3. Bb2 Bg4 4. Ne5 Bh5 5. g3 Nbd7 6. Bg2 Nxe5 7. Bxe5 e6 8. c4 Bd6 9. Bb2 c6 10. d3 O-O 11. O-O Re8 12. Nd2 Qe7 13. Re1 Ba3 14. Qc2 a5 15. Nf3 Bxf3 16. Bxf3 a4 17. Bc3 Bb4 18. Rab1 a3 19. Rec1 Nd7 20. Bxb4 Qxb4 21. Qc3 Qd6 22. b4 b5 23. cxb5 cxb5 24. Qc6 Qxc6 25. Rxc6 Ne5 26. Rc5 Reb8 27. Bg2 g5 28. f4 gxf4 29. gxf4 Ng6 30. e3 d4 31. Bxa8 Rxa8 32. Kf2 dxe3+ 33. Kxe3 Rb8 34. Rbc1 Ne7 35. Ke4 Kg7 36. R1c3 Kf6 37. Rxa3 Nd5 38. Rxd5 exd5+ 39. Kxd5 Rd8+ 40. Ke4 Ra8 41. Rxa8 1-0


[Site "https://www.chess.com"]

[Event "Titled Tuesday Blitz January 17 Late 2023"]
[White "Yedidia, Daniel"]
[Black "Ozates, Tuna"]
[WhiteFideId "30905907"]
[BlackFideId "6354521"]
[WhiteElo "2041"]
[BlackElo "2251"]
[Result "1-0"]
[Round "07"]
[TimeControl "180+2"]
[Date "2023.01.17"]
[WhiteClock "0:00:22"]
[BlackClock "0:00:45"]

1. d4 Nf6 2. c4 c5 3. d5 g6 4. Nc3 Bg7 5. e4 d6 6. Bd3 O-O 7. Nge2 Na6 8. O-O Nc7 9. f4 Rb8 10. h3 e6 11. Be3 exd5 12. cxd5 b5 13. Rc1 b4 14. Nb1 Re8 15. e5 Nfxd5 16. Bf2 dxe5 17. Rxc5 e4 18. Bc4 e3 19. Bg3 Be6 20. f5 gxf5 21. Bxc7 Nxc7 22. Qxd8 Rbxd8 23. Rxc7 Bxb2 24. Bxe6 fxe6 25. Rxa7 Rb8 26. Rf3 Bc1 27. Nxc1 Rec8 28. Ne2 f4 29. Rxf4 Rc2 30. Nd4 Rc1+ 31. Kh2 Rxb1 32. Rg4+ Kh8 33. Rgg7 Re8 34. Rxh7+ Kg8 35. Rhg7+ Kf8 36. Raf7# 1-0


[Site "https://www.chess.com"]

[Event "Titled Tuesday Blitz January 17 Late 2023"]
[White "Andreev, Eduard"]
[Black "Jovic, Stanoje"]
[WhiteFideId "14103400"]
[BlackFideId "905020"]
[WhiteElo "2413"]
[BlackElo "2075"]
[Result "0-1"]
[Round "07"]
[TimeControl "180+2"]
[Date "2023.01.17"]
[WhiteClock "0:00:32"]
[BlackClock "0:00:13"]

1. e4 c6 2. Nc3 d5 3. Nf3 dxe4 4. Nxe4 Nf6 5. Qe2 Nxe4 6. Qxe4 g6 7. d4 Bg7 8. c3 O-O 9. h4 Bf5 10. Qf4 Nd7 11. Be3 Re8 12. Bc4 e5 13. dxe5 Nxe5 14. Rd1 Qa5 15. h5 Nxc4 16. Qxc4 b5 17. Qh4 Qxa2 18. hxg6 Bxg6 19. Ng5 Qxb2 20. Nxh7 Qxc3+ 21. Kf1 Qc2 22. Rd2 Qc4+ 23. Qxc4 bxc4 24. Ng5 c3 25. Rd1 c2 26. Re1 Bc3 27. Ke2 Bxe1 28. Rxe1 a5 29. Nf3 a4 30. Nd4 a3 31. Ra1 a2 32. Nxc6 c1=Q 33. Rxc1 Bb1 34. Rc4 a1=Q 35. Rg4+ Bg6 36. Nd4 Ra2+ 37. Kf3 Ra4 38. Rf4 Qd1+ 39. Kg3 Ra3 40. Rf3 Qh1 41. Ne2 Bh5 42. Nf4 Bxf3 43. gxf3 Qg1+ 44. Ng2 Re6 45. Kh3 Raxe3 46. fxe3 Rh6+ 47. Nh4 Qg5 48. Kh2 Rxh4# 0-1


[Site "https://www.chess.com"]

[Event "Titled Tuesday Blitz January 17 Late 2023"]
[White "Saya, Ethan"]
[Black "Kavutskiy, Konstantin"]
[WhiteFideId "26095181"]
[BlackFideId "2026384"]
[WhiteElo "2181"]
[BlackElo "2414"]
[Result "0-1"]
[Round "07"]
[TimeControl "180+2"]
[Date "2023.01.17"]
[WhiteClock "0:01:24"]
[BlackClock "0:01:44"]

1. e4 Nc6 2. d4 d6 3. Nf3 Nf6 4. d5 Nb8 5. Nc3 g6 6. Be3 Bg7 7. Bd4 O-O 8. Qd2 c5 9. dxc6 Nxc6 10. Be3 Ng4 11. Bg5 Qb6 12. Rb1 Bxc3 13. Qxc3 Qxf2+ 14. Kd1 f6 15. Bd2 Qb6 16. Ke1 Be6 17. Bc4 Bxc4 18. Qxc4+ Kg7 19. Rf1 Rac8 20. Qe6 Nge5 21. Nxe5 fxe5 22. Rf5 Qg1+ 23. Ke2 Nd4+ 24. Kd3 Nxe6 25. Rxg1 gxf5 26. exf5 Rxf5 0-1


[Site "https://www.chess.com"]

[Event "Titled Tuesday Blitz January 17 Late 2023"]
[White "Rosen, Eric"]
[Black "Radovanovic, Dusan"]
[WhiteFideId "2032562"]
[BlackFideId "926868"]
[WhiteElo "2349"]
[BlackElo "2311"]
[Result "1-0"]
[Round "07"]
[TimeControl "180+2"]
[Date "2023.01.17"]
[WhiteClock "0:00:35"]
[BlackClock "0:00:31"]

1. d4 Nf6 2. Bf4 e6 3. e3 c5 4. Nf3 Nc6 5. Nc3 cxd4 6. exd4 Bb4 7. Bd3 a6 8. Qe2 d5 9. O-O Bd6 10. Qd2 Qc7 11. Ne2 Bxf4 12. Nxf4 Nb4 13. Nxe6 Bxe6 14. Qxb4 O-O-O 15. Rfe1 g5 16. Ne5 h5 17. Re3 Ng4 18. Re2 Rd6 19. Rae1 Rb6 20. Qa3 Kb8 21. b3 Nf6 22. Qc5 Qd8 23. Nf3 Rg8 24. a4 h4 25. a5 Rc6 26. Qb4 g4 27. Ne5 Rd6 28. c4 dxc4 29. bxc4 Ka8 30. d5 Bc8 31. Nxf7 1-0


[Site "https://www.chess.com"]

[Event "Titled Tuesday Blitz January 17 Late 2023"]
[White "Andrews, Todd"]
[Black "Nefedov, Sergey"]
[WhiteFideId "2012456"]
[BlackFideId "24113417"]
[WhiteElo "2220"]
[BlackElo "2300"]
[Result "1-0"]
[Round "07"]
[TimeControl "180+2"]
[Date "2023.01.17"]
[WhiteClock "0:00:13"]
[BlackClock "0:00:02"]

1. e4 d5 2. exd5 Qxd5 3. Nc3 Qd8 4. d4 Nf6 5. h3 Bf5 6. Nf3 e6 7. Bc4 c6 8. Qe2 Be7 9. Bb3 O-O 10. g4 Bg6 11. Bd2 b5 12. O-O-O a5 13. a4 b4 14. Nb1 Be4 15. g5 Bxf3 16. Qxf3 Nd5 17. h4 Nd7 18. Rdg1 Rc8 19. h5 c5 20. Bxd5 exd5 21. g6 Nf6 22. h6 fxg6 23. hxg7 Rf7 24. Rxg6 hxg6 25. Rh8+ Kxg7 26. Rxd8 Rxd8 27. dxc5 Ne4 28. Bh6+ Kg8 29. Qg4 Kh7 30. Be3 Kg7 31. c6 Bf6 32. Nd2 Nxd2 33. Kxd2 Bxb2 34. Qh4 Bc3+ 35. Kd3 Rd6 36. Qh6+ Kg8 37. c7 Rxc7 38. Bf4 1-0


[Site "https://www.chess.com"]

[Event "Titled Tuesday Blitz January 17 Late 2023"]
[White "Khandelwal, Ankush"]
[Black "Ismagilov, Damir"]
[WhiteFideId "413470"]
[BlackFideId "34199982"]
[WhiteElo "2205"]
[BlackElo "2156"]
[Result "0-1"]
[Round "07"]
[TimeControl "180+2"]
[Date "2023.01.17"]
[WhiteClock "0:00:03"]
[BlackClock "0:01:24"]

1. e4 c5 2. Nf3 a6 3. c4 Nc6 4. d4 cxd4 5. Nxd4 e5 6. Nc2 Nf6 7. Nc3 d6 8. Be2 Be6 9. O-O Be7 10. Ne3 O-O 11. f3 Rc8 12. Ncd5 Nd4 13. b3 Nxd5 14. cxd5 Bd7 15. Bb2 Bg5 16. Bxd4 exd4 17. Qxd4 Bf6 18. Qb4 Bxa1 19. Rxa1 Qf6 20. Rd1 Qc3 21. Qxc3 Rxc3 22. Nc4 Bb5 23. Rd2 Bxc4 24. bxc4 Rb8 25. Rb2 b5 26. cxb5 axb5 27. Bxb5 Ra3 28. Kf2 g6 29. Kg3 Kg7 30. Kf4 Kf6 31. h4 h5 32. g4 hxg4 33. fxg4 Ra5 34. g5+ Kg7 35. a4 Rxa4 36. Bxa4 Rxb2 37. e5 Rb4+ 38. Ke3 Rxa4 39. exd6 Kf8 0-1


[Site "https://www.chess.com"]

[Event "Titled Tuesday Blitz January 17 Late 2023"]
[White "Martynov, Pavel"]
[Black "Tokhirjonova, Gulrukhbegim"]
[WhiteFideId "4101260"]
[BlackFideId "14203626"]
[WhiteElo "2414"]
[BlackElo "2340"]
[Result "1-0"]
[Round "07"]
[TimeControl "180+2"]
[Date "2023.01.17"]
[WhiteClock "0:00:13"]
[BlackClock "0:00:42"]

1. e4 e5 2. Nf3 Nc6 3. Bb5 a6 4. Ba4 Nf6 5. d3 b5 6. Bb3 Bc5 7. c3 O-O 8. h3 d5 9. Qe2 d4 10. Nbd2 Qd6 11. Nf1 Be6 12. Ng3 Rad8 13. Bc2 dxc3 14. bxc3 b4 15. c4 Nd4 16. Nxd4 Bxd4 17. Rb1 Bc3+ 18. Kf1 a5 19. Be3 h6 20. Kg1 Rfe8 21. Kh2 Nd7 22. Rhf1 Bd4 23. f4 exf4 24. Bxf4 Be5 25. Qe3 Nc5 26. Rbd1 Bxf4 27. Rxf4 Qd4 28. Qf3 a4 29. Nf5 Qc3 30. Bb1 Bxc4 31. Qg4 Be6 32. Nxh6+ Kf8 33. Nf5 g6 34. Qh4 gxf5 35. exf5 Qe5 36. f6 Qxf4+ 37. Qxf4 Bd5 38. Qh6+ 1-0


[Site "https://www.chess.com"]

[Event "Titled Tuesday Blitz January 17 Late 2023"]
[White "Fishbein, Mitch"]
[Black "Cori T., Deysi"]
[WhiteFideId "30922917"]
[BlackFideId "3801934"]
[WhiteElo "2120"]
[BlackElo "2362"]
[Result "0-1"]
[Round "07"]
[TimeControl "180+2"]
[Date "2023.01.17"]
[WhiteClock "0:01:39"]
[BlackClock "0:02:27"]

1. d4 e6 2. Nf3 b6 3. Bf4 Bb7 4. e3 Ne7 5. h3 h6 6. Be2 g5 7. Bg3 Bg7 8. Nbd2 d6 9. c3 Nd7 10. e4 d5 11. e5 c5 12. h4 g4 13. Nh2 h5 14. f3 Nf5 15. Nhf1 cxd4 16. fxg4 hxg4 17. cxd4 Nxd4 18. Bxg4 Nxe5 19. h5 Nd3# 0-1


[Site "https://www.chess.com"]

[Event "Titled Tuesday Blitz January 17 Late 2023"]
[White "Ibadov, Dashgyn"]
[Black "Sanchez, Robert"]
[WhiteFideId "24107514"]
[BlackFideId "2034360"]
[WhiteElo "2391"]
[BlackElo "1966"]
[Result "1-0"]
[Round "07"]
[TimeControl "180+2"]
[Date "2023.01.17"]
[WhiteClock "0:01:28"]
[BlackClock "0:00:10"]

1. e4 e6 2. d4 d5 3. Nc3 Nf6 4. Bg5 Be7 5. e5 Nfd7 6. h4 h6 7. Qh5 g6 8. Bxe7 Qxe7 9. Qg4 h5 10. Qf4 a6 11. Nf3 c5 12. O-O-O Nc6 13. dxc5 Nxc5 14. Bd3 Bd7 15. Ng5 Nxd3+ 16. Rxd3 Rc8 17. Rxd5 exd5 18. Nxd5 Qxe5 19. Qxf7+ Kd8 20. Rd1 Qf5 21. Nf6 Ne5 22. Ne6+ Qxe6 23. Qxe6 Rc5 24. Rxd7+ 1-0


[Site "https://www.chess.com"]

[Event "Titled Tuesday Blitz January 17 Late 2023"]
[White "Tomb, Maroun"]
[Black "Haszon, David"]
[WhiteFideId "5300398"]
[BlackFideId "733610"]
[WhiteElo "2090"]
[BlackElo "2264"]
[Result "0-1"]
[Round "07"]
[TimeControl "180+2"]
[Date "2023.01.17"]
[WhiteClock "0:00:32"]
[BlackClock "0:00:33"]

1. e4 e5 2. Nf3 Nc6 3. Bb5 Nf6 4. d4 exd4 5. O-O a6 6. Ba4 b5 7. Bb3 d6 8. Ng5 Ne5 9. f4 Nc4 10. e5 h6 11. exf6 hxg5 12. Bxc4 bxc4 13. Re1+ Kd7 14. fxg5 c5 15. Qf3 Rb8 16. Na3 gxf6 17. gxf6 Bb7 18. Qf5+ Kc7 19. Nxc4 Qd7 20. Qf2 Rg8 21. Bf4 Bd5 22. Nxd6 Bxd6 23. Re7 Rxg2+ 24. Qxg2 Bxg2 25. Bxd6+ Kxd6 26. Rxd7+ Kxd7 27. Kxg2 Rxb2 28. h4 Rxc2+ 29. Kg3 Ke6 30. Rf1 Rb2 31. h5 Rb8 32. Kg4 Rg8+ 33. Kf4 Kxf6 34. Ke4+ Ke6 35. Kd3 Rg3+ 36. Kc4 Rc3# 0-1


[Site "https://www.chess.com"]

[Event "Titled Tuesday Blitz January 17 Late 2023"]
[White "Leenhouts, Koen"]
[Black "Moroni, Luca Jr"]
[WhiteFideId "1008439"]
[BlackFideId "865834"]
[WhiteElo "2447"]
[BlackElo "2535"]
[Result "1-0"]
[Round "07"]
[TimeControl "180+2"]
[Date "2023.01.17"]
[WhiteClock "0:00:36"]
[BlackClock "0:00:31"]

1. d4 g6 2. e4 Bg7 3. c4 d6 4. Nc3 c5 5. d5 Bxc3+ 6. bxc3 e5 7. dxe6 Bxe6 8. f4 Nc6 9. Nf3 Nf6 10. Bd3 Na5 11. f5 Bd7 12. O-O Nc6 13. Bf4 Qe7 14. Qd2 Ng4 15. Be2 Nge5 16. Rad1 gxf5 17. Qxd6 Qxd6 18. Rxd6 Nxf3+ 19. Bxf3 fxe4 20. Bxe4 O-O-O 21. Rb1 Rde8 22. Bd5 Re2 23. Rxd7 Kxd7 24. Rxb7+ Kd8 25. Bxc6 Rf8 26. Bd6 1-0


[Site "https://www.chess.com"]

[Event "Titled Tuesday Blitz January 17 Late 2023"]
[White "Ansh M Shah"]
[Black "Ivanisevic, Ivan"]
[WhiteFideId "25033379"]
[BlackFideId "912417"]
[WhiteElo "2171"]
[BlackElo "2532"]
[Result "0-1"]
[Round "07"]
[TimeControl "180+2"]
[Date "2023.01.17"]
[WhiteClock "0:00:09"]
[BlackClock "0:00:09"]

1. d4 d5 2. c4 e6 3. g3 Nf6 4. Bg2 Bb4+ 5. Nd2 Nc6 6. Nf3 dxc4 7. e3 e5 8. Nxe5 Nxe5 9. dxe5 Nd7 10. f4 Nb6 11. O-O Qd3 12. Nf3 O-O 13. Qxd3 cxd3 14. Rd1 Rd8 15. Bd2 Bxd2 16. Nxd2 Bg4 17. Rdc1 c6 18. h3 Be2 19. Kf2 a5 20. a3 a4 21. e4 Ra5 22. Bf3 Bxf3 23. Kxf3 Rb5 24. Rab1 Nd7 25. Rc4 Nc5 26. Ke3 f6 27. exf6 gxf6 28. g4 b6 29. h4 h6 30. b4 axb3 31. Rb4 Ra8 32. Nxb3 Rxa3 33. Nxc5 bxc5 34. Rxb5 cxb5 35. Rxb5 c4 36. Rc5 Rc3 37. e5 fxe5 38. Rxe5 Rc2 39. Rc5 Re2+ 40. Kf3 Rc2 41. Ke3 d2 42. Ke2 c3 43. Rd5 Rc1 44. g5 hxg5 45. hxg5 Re1+ 46. Kf2 d1=Q 47. Rxd1 Rxd1 48. Ke3 c2 49. Ke4 c1=Q 50. Kf5 Qe3 51. Kg6 Rd6+ 52. Kh5 Qd3 53. f5 Qh3# 0-1


[Site "https://www.chess.com"]

[Event "Titled Tuesday Blitz January 17 Late 2023"]
[White "Carbone, Diego"]
[Black "Boyer, Mahel"]
[WhiteFideId "3002179"]
[BlackFideId "45102422"]
[WhiteElo "2336"]
[BlackElo "2489"]
[Result "0-1"]
[Round "07"]
[TimeControl "180+2"]
[Date "2023.01.17"]
[WhiteClock "0:00:19"]
[BlackClock "0:00:01"]

1. d4 d6 2. c4 Nd7 3. Nc3 e5 4. Nf3 h6 5. g3 g6 6. Bg2 Bg7 7. O-O Ne7 8. e4 O-O 9. Be3 f5 10. d5 f4 11. Bd2 g5 12. Ne1 Nf6 13. Nd3 Ng6 14. b4 g4 15. gxf4 exf4 16. Nxf4 Nxf4 17. Bxf4 Nh5 18. Bd2 Qh4 19. Ne2 Be5 20. Ng3 Nf4 21. Bxf4 Rxf4 22. c5 Bd7 23. cxd6 cxd6 24. Qd3 Raf8 25. Rac1 a6 26. Rc2 Bb5 27. Qd1 Bxf1 28. Qxf1 Bd4 29. Rd2 Bxf2+ 30. Rxf2 Rxf2 31. Qxf2 Rxf2 32. Kxf2 Qxh2 33. a3 h5 34. Nf5 Qf4+ 35. Ke2 Kf8 36. Ne3 h4 37. Nf5 h3 38. Bh1 g3 39. Bf3 g2 40. Kf2 Qh2 41. Bxg2 hxg2 42. Ke3 g1=Q+ 43. Kd3 Qe5 44. Ne3 Qb1+ 45. Ke2 Qbb2+ 46. Kf3 Qxa3 47. Kg4 Qxe3 48. b5 a5 49. b6 a4 50. Kh4 a3 51. Kg4 a2 52. Kh4 a1=Q 53. Kg4 Qa4 54. Kh4 Ke8 55. Kg4 Kd8 56. Kh4 Kc8 57. Kg4 Kb8 58. Kh4 Ka8 59. Kg4 Qb4 60. Kh4 Kb8 61. Kg4 Kc8 62. Kh4 Kd7 63. Kg4 Ke7 64. Kh4 Kf7 65. Kg4 Kg7 66. Kh4 Kh7 67. Kg4 Kh6 68. Kh4 Qbxe4# 0-1


[Site "https://www.chess.com"]

[Event "Titled Tuesday Blitz January 17 Late 2023"]
[White "Sukandar, Irine Kharisma"]
[Black "Averjanov, Alexey"]
[WhiteFideId "7101937"]
[BlackFideId "14109867"]
[WhiteElo "2390"]
[BlackElo "2399"]
[Result "0-1"]
[Round "07"]
[TimeControl "180+2"]
[Date "2023.01.17"]
[WhiteClock "0:00:03"]
[BlackClock "0:01:26"]

1. d4 d5 2. Bf4 Nf6 3. e3 e6 4. Nd2 c5 5. Ngf3 Bd6 6. dxc5 Bxc5 7. c4 O-O 8. Rc1 b6 9. Be2 Bb7 10. O-O Nbd7 11. a3 Rc8 12. b4 Be7 13. Nb3 dxc4 14. Bxc4 Nd5 15. Bg3 N7f6 16. Qd4 a5 17. bxa5 bxa5 18. e4 Nb6 19. Nxa5 Qxd4 20. Nxd4 Bxa3 21. Rb1 Nxc4 22. Nxb7 Nd2 23. Ra1 Nxf1 24. Rxa3 Rc1 25. Ne2 Re1 0-1


[Site "https://www.chess.com"]

[Event "Titled Tuesday Blitz January 17 Late 2023"]
[White "Ladan, Nicholas"]
[Black "Djokic, Mihailo"]
[WhiteFideId "30918855"]
[BlackFideId "976440"]
[WhiteElo "2228"]
[BlackElo "2192"]
[Result "0-1"]
[Round "07"]
[TimeControl "180+2"]
[Date "2023.01.17"]
[WhiteClock "0:00:03"]
[BlackClock "0:01:43"]

1. d4 Nf6 2. Bf4 g6 3. Nc3 d5 4. e3 Bg7 5. h4 h5 6. Nf3 O-O 7. Ne5 Bf5 8. Bd3 Bxd3 9. Qxd3 c5 10. dxc5 Na6 11. Qb5 Rc8 12. Nd3 Ne4 13. Na4 Re8 14. Rh3 e5 15. Bh2 d4 16. O-O-O Qd5 17. Kb1 Nexc5 18. Ndxc5 Nxc5 19. exd4 exd4 20. Nxc5 Qxg2 21. Rhd3 Qxh2 22. Nxb7 Rb8 23. Qa6 Re6 24. Qxa7 Re7 25. Rb3 Qc7 26. a4 Qc8 27. a5 Rexb7 28. Rxb7 Rxb7 29. Qc5 Qxc5 0-1


[Site "https://www.chess.com"]